 Dungeon Crawl Stone Soup version 0.27.1-3-gb3d3a73c9e (webtiles) character file.

Game seed: 3508764728637633931

64292 MajorAdolf the Unseen (level 15, -1/140 HPs)
             Began as a Naga Wanderer on Oct 16, 2021.
             Was an Elder of Sif Muna.
             Slain by a black mamba (5 damage)
             ... while petrified by a basilisk
             ... on level 4 of the Lair of Beasts on Oct 19, 2021.
             The game lasted 01:08:31 (35983 turns).

MajorAdolf the Unseen (Naga Wanderer)              Turns: 35983, Time: 01:08:32

Health: -1/140     AC: 11    Str: 13    XL:     15   Next: 12%
Magic:  20/27      EV:  1    Int: 18    God:    Sif Muna [****..]
Gold:   3529       SH:  0    Dex: 13    Spells: 24/30 levels left

rFire    + + +     SeeInvis +   M - +9 staff of Olgreb {rPois∞}
rCold    x . .     Faith    .   g - +0 kite shield
rNeg     + + +     Spirit   .   X - +2 robe {rC+ rF+}
rPois    ∞         Reflect  .   (no helmet)
rElec    .         Harm     .   (no cloak)
rCorr    .         Rampage  .   x - +2 pair of gloves
Will     +....                  (no barding)
Stlth    ++++++....             T - amulet of magic regeneration
HPRegen  0.33/turn              a - ring of fire
MPRegen  0.45/turn              w - ring of fire

@: petrified, marked, very slow
A: AC +5, large, see invisible, deformed body, poison resistance, slowness 2,
spit poison 1, naga tail 2
a: Spit Poison, Renounce Religion, Channel Magic, Forget Spell, Divine Exegesis


You were on level 4 of the Lair of Beasts.
You worshipped Sif Muna.
Sif Muna was greatly pleased with you.
You visited 3 branches of the dungeon, and saw 18 of its levels.
You also visited: Bailey and Volcano.

You collected 3921 gold pieces.
You spent 392 gold pieces at shops.

Inventory:

Hand Weapons
 A - a +2 dagger of electrocution
 M - the +9 staff of Olgreb (weapon) {rPois∞}
   (You acquired it on level 8 of the Dungeon)

   If the wielder is skilled in Evocations, they can envenom those struck by it,
   dealing poison damage which bypasses armour.
   It enhances your poison magic.
   It grants immunity to poison.
   It can be evoked to radiate toxic energy, with effectiveness depending on
   Evocations skill.
 U - a +6 spear of venom
Missiles
 c - 129 arrows
Armour
 g - a +0 kite shield (worn)
 t - a +0 buckler
 x - a +2 pair of gloves (worn)
 N - a +2 robe of positive energy
 V - the +5 leather armour of Unoawi {rN+ rCorr Int-3 Stlth+}
   (You found it on level 10 of the Dungeon)

   Int:       It affects your intelligence (-3).
   rN:        It protects you from negative energy.
   rCorr:     It protects you from acid and corrosion.
   Stlth:     It makes you more stealthy.
 X - a +2 robe of resistance (worn)
Jewellery
 a - a ring of fire (left hand)
 e - a +4 ring of evasion
 w - a ring of fire (right hand)
 C - a +6 ring of strength
 G - a ring of ice
 O - a ring of wizardry
 T - an amulet of magic regeneration (around neck)
 W - a ring of positive energy
Wands
 o - a wand of polymorph (6)
 p - a wand of flame (12)
 D - a wand of acid (10)
 S - a wand of paralysis (21)
Scrolls
 b - 3 scrolls of immolation {unknown}
 h - a scroll of fear
 k - 6 scrolls of teleportation
 l - 2 scrolls of brand weapon
 q - 4 scrolls of summoning {unknown}
 r - 7 scrolls of enchant weapon {unknown}
 s - a scroll of torment {unknown}
 u - 3 scrolls of enchant armour {unknown}
 y - a scroll of noise {unknown}
 E - a scroll of holy word {unknown}
 F - 2 scrolls of amnesia {unknown}
 P - a scroll of blinking {unknown}
 Q - 3 scrolls of fog
 R - 9 scrolls of identify
Potions
 d - 6 potions of curing
 f - 5 potions of mutation {unknown}
 i - 2 potions of brilliance {unknown}
 j - 3 potions of flight {unknown}
 m - 3 potions of berserk rage {unknown}
 n - 5 potions of might {unknown}
 v - 5 potions of degeneration {unknown}
 z - 4 potions of invisibility
 B - 5 potions of attraction {unknown}
 H - 6 potions of lignification {unknown}
 I - 4 potions of haste
 J - 5 potions of heal wounds
 K - 4 potions of cancellation {unknown}
 L - 2 potions of magic {unknown}
 Y - 6 potions of ambrosia
Miscellaneous
 Z - a condenser vane


   Skills:
 + Level 10.6 Fighting
 - Level 4.4 Short Blades
 - Level 1.0 Axes
 + Level 6.7 Staves
 - Level 1.0 Bows
 - Level 1.0 Throwing
 - Level 2.4 Armour
 + Level 15.1 Stealth
 + Level 7.3 Shields
 + Level 8.0 Spellcasting
 + Level 6.8 Transmutations
 + Level 6.8 Fire Magic
 + Level 9.1 Poison Magic
 + Level 9.4 Invocations
 + Level 8.4 Evocations


You had 24 spell levels left.
You knew the following spells:

 Your Spells              Type           Power      Damage    Failure   Level
a - Ignite Poison         Fire/Tmut/Pois 86%        N/A       1%          3
b - Mephitic Cloud        Conj/Pois/Air  27%        N/A       12%         3

Your spell library contained the following spells:

 Spells                   Type           Power      Damage    Failure   Level
 Passwall                 Tmut/Erth      15%        N/A       4%          2
 Animate Skeleton         Necr           14%        N/A       14%         1
 Apportation              Tloc           14%        N/A       14%         1
 Corona                   Hex            7%         N/A       14%         1
 Sandblast                Erth           14%        2d6       14%         1
 Shock                    Conj/Air       28%        1d4       14%         1
 Summon Small Mammal      Summ           28%        N/A       14%         1
 Alistair's Intoxication  Tmut/Pois      34%        N/A       14%         5
 Ensorcelled Hibernation  Hex/Ice        14%        N/A       21%         2
 Static Discharge         Conj/Air       7%         N/A       21%         2
 Sublimation of Blood     Necr           3%         N/A       21%         2
 Petrify                  Tmut/Erth      19%        N/A       32%         4
 Call Canine Familiar     Summ           7%         N/A       38%         3
 Dazzling Flash           Conj/Hex       14%        N/A       38%         3
 Portal Projectile        Hex/Tloc       14%        N/A       38%         3
 Swiftness                Air            7%         N/A       38%         3
 Eringya's Noxious Bog    Tmut/Pois      26%        N/A       63%         6
 Fireball                 Conj/Fire      21%        3d10      67%         5
 Irradiate                Conj/Tmut      9%         3d16      67%         5
 Animate Dead             Necr           3%         N/A       80%         4
 Cause Fear               Hex            3%         N/A       80%         4
 Hailstorm                Conj/Ice       7%         3d4       80%         4
 Bolt of Magma            Conj/Fire/Erth 17%        4d9       83%         5
 Agony                    Necr           7%         N/A       98%         5
 Borgnjor's Vile Clutch   Necr/Erth      3%         N/A       98%         5
 Lee's Rapid Deconstruct  Erth           3%         3d6*      98%         5
 Silence                  Hex/Air        3%         N/A       98%         5
 Summon Forest            Summ/Tloc      3%         N/A       98%         5
 Starburst                Conj/Fire      21%        6d7       99%         6
 Death Channel            Necr           3%         N/A       100%        6
 Invisibility             Hex            3%         N/A       100%        6
 Dragon Form              Tmut           16%        N/A       100%        7
 Haunt                    Necr/Summ      3%         N/A       100%        7
 Ozocubu's Refrigeration  Ice            3%         4d5       100%        7
 Summon Hydra             Summ           3%         N/A       100%        7
 Disjunction              Tloc           3%         N/A       100%        8
 Ignition                 Fire           31%        3d10      100%        8


Dungeon Overview and Level Annotations

Branches:
Dungeon (13/15)            Temple (1/1) D:4            Lair (4/6) D:10
  Snake (0/4) Lair:2          Orc (0/2) D:9          Bailey (visited)
Volcano (visited)
  Swamp: Lair:2-4    Shoals: Lair:2-4    Vaults: D:13-14

Altars:
Ashenzari
Cheibriados
Dithmenos
Elyvilon
Fedhas
Gozag
Hepliaklqana
Kikubaaqudgha
Makhleb
Nemelex Xobeh
Okawaru
Qazlal
Ru
Sif Muna
Trog
Uskayaw
Vehumet
Wu Jian
Xom
Yredelemnul
Zin
The Shining One
Beogh

Shops:
D:4 :

Portals:
Trove: D:10 (give horn of Geryon)

Annotations:
D:4 exclusion: 2 wights, Edmund, Sigmund
D:12 1 runed translucent door


Innate Abilities, Weirdness & Mutations

Your serpentine skin is tough. (AC +5)
You have supernaturally acute eyesight. (SInv)
Armour fits poorly on your strangely shaped body.
Your system is resistant to poisons. (rPois)
You cover ground very slowly.
You can spit poison.
You can use your snake-like lower body to constrict enemies.


Message History

Sif Muna accepts your kill.
You constrict the cane toad.
The black mamba bites you but does no damage.
The basilisk gazes at you. You resist with almost no effort.
The black mamba bites you but does no damage.
The cane toad stings you!
* * * LOW HITPOINT WARNING * * *
A yak comes into view.
The black mamba bites you. The cane toad stings you!
* * * LOW HITPOINT WARNING * * *
You have turned to stone.
Your Spellcasting skill increases to level 8!
You constrict the cane toad.
You kill the cane toad!
Sif Muna accepts your kill.
The black mamba bites you but does no damage.
A six-headed hydra comes into view.
The basilisk gazes at you.
The black mamba bites you but does no damage.
A rime drake comes into view.
The black mamba bites you.
* * * LOW HITPOINT WARNING * * *
The basilisk gazes at you. You resist with almost no effort.
The black mamba bites you.
* * * LOW HITPOINT WARNING * * *
A yak comes into view.
The cane toad stings you!!
* * * LOW HITPOINT WARNING * * *
The black mamba bites you!
* * * LOW HITPOINT WARNING * * *
The basilisk bites you!
* * * LOW HITPOINT WARNING * * *
The black mamba bites you but does no damage.
The cane toad stings you.
* * * LOW HITPOINT WARNING * * *
A yak comes into view.
The black mamba bites you!
You die...

####### ## ##
##..#..##.##.P##.#########
.......<..................
..........................
..........................
.............†............
................†.........
...............F..........
..........Y.Y..l@.††......
.........Y.Dk..S..........
..#...P.P#.#.##.#.#.##P.##
..############.###### ..#
.. ## #


You could see a six-headed hydra, a black mamba, 3 yaks, a cane toad, a basilisk
and a rime drake.

Vanquished Creatures
  Rupert (D:13)
  Frances (D:13)
  2 fire dragons
  Josephine (D:10)
  Harold (D:8)
  7 vault guards (D:13)
  5 hydras
  5 centaur warriors
  3 boulder beetles
  Erica (D:8)
  3 two-headed ogres
  2 tengu warriors (D:12)
  5 sun demons (Volcano)
  Sonja (D:13)
  2 skeletal warriors (D:12)
  An orc knight (Bailey)
  A lindwurm (Lair:2)
  A deep elf pyromancer (D:12)
  3 oklob plants
  4 cyclopes
  4 ugly things
  6 manticores
  Maurice (D:8)
  2 black mambas
  2 smoke demons (Volcano)
  2 cane toads
  2 rime drakes
  An unseen horror (D:11)
  6 komodo dragons
  3 kobold demonologists
  A queen bee (D:11)
  A meliai (shapeshifter) (D:13)
  A polar bear (Lair:3)
  3 trolls
  A hornet (D:9)
  17 blink frogs
  A slime creature (D:12)
  6 wraiths
  17 yaks
  2 shadows
  5 wyverns
  2 basilisks (Lair:3)
  Grum (D:8)
  6 steam dragons
  15 vampire mosquitoes
  2 acid dragons
  Duvessa (D:6)
  11 water moccasins
  2 hell hounds (Volcano)
  6 orc warriors
  A black bear (D:6)
  An ice beast (D:5)
  A hornet zombie (D:8)
  2 necrophages
  3 sky beasts
  8 wolves
  11 ogres
  10 centaurs
  A phantom (D:5)
  12 bullfrogs
  7 kobold brigands
  7 scorpions
  A wyvern zombie (D:8)
  7 gnoll sergeants
  Dowan (D:6)
  A water moccasin skeleton (D:5)
  3 wyvern skeletons
  22 killer bees
  2 wights
  4 howler monkeys
  5 centaur zombies
  A bullfrog zombie (D:7)
  6 hounds
  3 jellies
  10 orc priests
  A bullfrog skeleton (D:5)
  Terence (D:3)
  Ijyb (D:5)
  4 iguanas
  A scorpion zombie (D:5)
  6 orc wizards
  4 hell rats (Lair:3)
  A killer bee zombie (D:5)
  2 hound skeletons
  19 gnolls
  A howler monkey skeleton (D:7)
  9 adders
  A shadow imp (D:5)
  A white imp (D:5)
  An ufetubus (D:5)
  3 worms (D:2)
  3 dart slugs
  53 orcs
  7 ball pythons
  6 endoplasms
  6 giant cockroaches
  7 goblins
  17 hobgoblins
  5 jackals (D:1)
  23 kobolds
  7 quokkas
  19 bats
  3 frilled lizards (D:1)
  10 rats
532 creatures vanquished.

Vanquished Creatures (others)
  18 fungi
  3 plants
21 creatures vanquished.

Grand Total: 553 creatures vanquished

Notes
Turn   | Place    | Note
-------+----------+-------------------------------------------
     0 | D:1      | MajorAdolf the Naga Wanderer began the quest for the Orb.
     0 | D:1      | MajorAdolf set off with the following items: a +2 shortbow,
                  | 27 arrows, a +0 ring mail, a potion of curing
     0 | D:1      | Reached XP level 1. HP: 21/21 MP: 1/1
   149 | D:1      | Reached skill level 2 in Stealth
   303 | D:1      | Reached XP level 2. HP: 28/28 MP: 2/2
   686 | D:1      | Reached skill level 3 in Stealth
   966 | D:1      | Found a faded altar of an unknown god.
  1225 | D:1      | Reached XP level 3. HP: 33/34 MP: 3/3
  2264 | D:2      | Reached skill level 4 in Stealth
  2653 | D:2      | Reached XP level 4. HP: 35/44 MP: 4/4
  4170 | D:3      | Found a bloodstained altar of Trog.
  4192 | D:3      | Noticed Terence
  4197 | D:3      | Killed Terence
  4198 | D:3      | Reached skill level 5 in Stealth
  4340 | D:3      | Reached XP level 5. HP: 30/51 MP: 5/5
  4777 | D:3      | Reached skill level 6 in Stealth
  4934 | D:3      | Reached skill level 5 in Fighting
  5001 | D:3      | Reached XP level 6. HP: 59/61 MP: 6/6
  5092 | D:4      | Reached skill level 7 in Stealth
  5614 | D:4      | Reached XP level 7. HP: 60/68 MP: 7/7
  5933 | D:4      | Noticed Edmund
  5984 | D:4      | Reached skill level 8 in Stealth
  6542 | D:4      | Found Tunkovik's Book Boutique.
  6567 | D:4      | Noticed Sigmund
  6659 | D:4      | Found a staircase to the Ecumenical Temple.
  6666 | Temple   | Entered the Ecumenical Temple
  6874 | Temple   | Became a worshipper of Sif Muna the Loreminder
  6913 | D:5      | Entered Level 5 of the Dungeon
  7205 | D:4      | Reached skill level 1 in Invocations
  7351 | D:4      | HP: 3/69 [acid dragon (3)]
  7825 | D:5      | Reached skill level 1 in Spellcasting
  7832 | D:5      | Reached skill level 1 in Shields
  7923 | D:5      | Noticed Ijyb
  7927 | D:5      | Killed Ijyb
  7935 | D:5      | Reached skill level 9 in Stealth
  8037 | D:5      | Reached XP level 8. HP: 52/78 MP: 8/10
  8232 | D:5      | Reached skill level 1 in Evocations
  8559 | D:5      | Reached skill level 1 in Short Blades
  8830 | D:5      | Reached XP level 9. HP: 21/85 MP: 11/13
  9138 | D:5      | Reached skill level 10 in Stealth
  9265 | D:5      | Reached * piety under Sif Muna
 10302 | D:6      | Noticed Duvessa
 10303 | D:6      | Noticed Dowan
 10314 | D:6      | Killed Duvessa
 10321 | D:6      | Killed Dowan
 10884 | D:7      | Reached XP level 10. HP: 94/94 MP: 15/15
 10928 | D:7      | Reached skill level 11 in Stealth
 11153 | D:7      | Reached skill level 5 in Invocations
 11250 | D:7      | Found a glowing golden altar of the Shining One.
 11264 | D:7      | Reached ** piety under Sif Muna
 11360 | D:7      | Found a basalt altar of Yredelemnul.
 11891 | D:8      | Found a flagged portal.
 11904 | Bailey   | Entered a bailey
 12117 | Bailey   | Noticed an orc knight
 12142 | Bailey   | Killed an orc knight
 12451 | Bailey   | Reached *** piety under Sif Muna
 13154 | D:8      | Acquired the +9 staff of Olgreb {rPois∞}
 13154 | D:8      | Found the +9 staff of Olgreb {rPois∞}
 13315 | D:4      | Bought a Trismegistus Codex for 392 gold pieces
 13319 | D:4      | Learned a level 3 spell: Ignite Poison
 13323 | D:4      | Learned a level 3 spell: Mephitic Cloud
 13484 | D:8      | Noticed Maurice
 13502 | D:8      | Killed Maurice
 13761 | D:8      | Noticed Erica
 13769 | D:8      | Killed Erica
 13770 | D:8      | Reached skill level 1 in Transmutations
 13770 | D:8      | Reached skill level 1 in Fire Magic
 13770 | D:8      | Reached skill level 1 in Poison Magic
 13770 | D:8      | Reached XP level 11. HP: 91/103 MP: 6/18
 13774 | D:8      | Noticed a two-headed ogre
 13780 | D:8      | Killed a two-headed ogre
 13781 | D:8      | Reached skill level 1 in Staves
 13781 | D:8      | Reached skill level 5 in Spellcasting
 13781 | D:8      | Reached skill level 5 in Evocations
 13889 | D:8      | Reached skill level 12 in Stealth
 13930 | D:8      | Noticed Grum
 13940 | D:8      | Killed Grum
 14266 | D:8      | Noticed Harold
 14285 | D:8      | Killed Harold
 15088 | D:8      | Noticed a manticore
 15092 | D:8      | Killed a manticore
 16410 | D:9      | Found a staircase to the Orcish Mines.
 16428 | D:9      | Reached **** piety under Sif Muna
 16557 | D:9      | Found a sparkling altar of Nemelex Xobeh.
 16557 | D:9      | Found a hazy altar of Hepliaklqana.
 16800 | D:9      | Found an ornate altar of the Wu Jian Council.
 17008 | D:10     | Entered Level 10 of the Dungeon
 17020 | D:10     | Identified the +5 leather armour of Unoawi {rN+ rCorr Int-3
                  | Stlth+}
 17123 | D:10     | Reached skill level 5 in Shields
 17228 | D:10     | Found a staircase to the Lair.
 17229 | D:10     | Noticed a fire dragon
 17453 | D:10     | Noticed Josephine
 18007 | D:10     | Reached XP level 12. HP: 112/112 MP: 20/20
 18085 | D:10     | Killed Josephine
 18104 | D:10     | HP: 3/112 [wraith[Josephine] (8)]
 18704 | D:10     | Found a portal to a secret trove of treasure.
 19132 | D:11     | Noticed an eight-headed hydra
 19151 | D:10     | Killed an eight-headed hydra
 19514 | D:11     | Reached skill level 5 in Poison Magic
 20467 | D:11     | Reached skill level 13 in Stealth
 21111 | D:12     | Noticed a centaur warrior
 21116 | D:12     | Killed a centaur warrior
 21778 | D:12     | Noticed a two-headed ogre
 21783 | D:12     | Killed a two-headed ogre
 22480 | D:12     | Noticed a tengu warrior
 22485 | D:12     | Killed a tengu warrior
 22709 | D:12     | Gained mutation: You can use your snake-like lower body to
                  | constrict enemies. [Naga growth]
 22709 | D:12     | Reached XP level 13. HP: 121/121 MP: 12/22
 23176 | D:12     | Reached ***** piety under Sif Muna
 23416 | D:12     | Got the Handbook of the Hurtful Escort
 23422 | D:12     | Reached skill level 5 in Transmutations
 23485 | D:12     | Got Sif Muna's Guide on Enthralling Envenoming
 23702 | D:12     | Reached skill level 5 in Fire Magic
 24069 | D:12     | Reached skill level 5 in Staves
 24412 | D:12     | Noticed a fire giant
 24413 | D:12     | Noticed a stone giant
 24423 | D:12     | Found a runed translucent door.
 24423 | D:12     | Noticed a yaktaur captain
 24893 | D:13     | Noticed Frances
 25151 | D:13     | Killed Frances
 25163 | D:13     | Reached skill level 14 in Stealth
 25663 | D:13     | Noticed Sonja
 25665 | D:13     | Killed Sonja
 25774 | D:13     | Noticed a vault guard
 25813 | D:13     | Noticed Rupert
 25822 | D:13     | HP: 6/123 [Rupert (48)]
 25823 | D:13     | Killed Rupert
 25824 | D:13     | Reached skill level 10 in Fighting
 26343 | D:13     | Noticed a vault guard
 26349 | D:13     | Killed a vault guard
 26350 | D:13     | Reached XP level 14. HP: 132/132 MP: 5/24
 26626 | D:13     | Received a gift from Sif Muna
 26629 | D:13     | Got Sif Muna's Disquisition on Shape Shifting and the Birds
                  | {god gift}
 29455 | Lair:1   | Entered Level 1 of the Lair of Beasts
 30610 | Lair:2   | Acquired 919 gold pieces
 30614 | Lair:2   | Acquired 845 gold pieces
 30793 | Lair:2   | Found a dark tunnel.
 30826 | Volcano  | Entered a volcano
 33999 | Lair:2   | Found a staircase to the Snake Pit.
 34734 | Lair:3   | Reached XP level 15. HP: 140/140 MP: 19/26
 35544 | Lair:3   | Reached skill level 15 in Stealth
 35754 | Lair:3   | Got the Handbook of Icy Dislocation
 35982 | Lair:4   | HP: 5/140 [basilisk (5)]
 35983 | Lair:4   | Slain by a black mamba

Illustrated notes

Levels and vault maps discovered:
D:1:      minmay_arrival_checkered_box, layout_loops_ring,
          shapermc_ecumenical_altar_ellora, kennysheep_small_spiral,
          minmay_cupped
D:2:      layout_basic
D:3:      layout_basic, bloody_trog, uniq_terence
D:4:      minmay_wonky_spiral, layout_basic, temple_doors_ab, serial_shops,
          shop, minivault_19, corexii_leaking_fountain,
          guppyfry_early_lair_pool, uniq_sigmund, uniq_edmund
D:5:      minmay_polygon_palace, layout_basic, uniq_ijyb
D:6:      layout_rooms, hangedman_decor_lopped, hex_large, uniq_duvessa
D:7:      old_forge, layout_loops_corners, grunt_temple_overflow_holy_war,
          hex_tiny
D:8:      minmay_the_grid_square_5x5_3x3 [minmay_the_grid_square_5x5_forky,
          minmay_the_grid_square_5x5_inner_z,
          minmay_the_grid_square_5x5_checkered_sparse,
          minmay_the_grid_square_5x5_comb,
          minmay_the_grid_square_5x5_megaprize_hollow,
          minmay_the_grid_square_5x5_trominoes,
          minmay_the_grid_square_5x5_two_walls_a,
          minmay_the_grid_square_5x5_minivault,
          minmay_the_grid_square_5x5_bracketed], layout_basic, enter_bailey_5,
          special_room [special_room_orc], uniq_erica, uniq_maurice, uniq_grum,
          uniq_harold
D:9:      layout_roguey, gammafunk_temple_overflow_statue,
          nzn_wu_jian_council_hall, kennysheep_orc_monster_closet_entryway,
          mrwooster_statue_mirror, minmay_misc_feat_alley
D:10:     layout_loops_ring, minmay_lair_entry_lava, enter_trove_3,
          roderic_batcave, nrook_mini_backslash, uniq_josephine
D:11:     layout_gridville, roderic_roman_lattice, minivault_7
D:12:     hangedman_cross_cluster, layout_irregular_city, minmay_hidden_floor
D:13:     layout_layer_cave, erik_vaults_2, serial_shops, shop, uniq_sonja,
          uniq_rupert, uniq_frances
Temple:   eino_temple_rhombus
Lair:1:   layout_regular_city
Lair:2:   layout_cave_pods, dummy_snake_entry, nicolae_volcano_entry_vermiform,
          st_stairs_8, minivault_27, beast_lair_carwin_1, serial_bayou_shore_b
Lair:3:   layout_cave_pods, infiniplex_staircase_pool_2,
          minmay_lair_oklob_chamber, lemuel_fruit_fields
Lair:4:   layout_big_grid, minmay_shoals_entry_beasts, grunt_megastairs_4,
          infiniplex_staircase_pool

Skill      XL: |  1  2  3  4  5  6  7  8  9 10 11 12 13 14 15 |
---------------+----------------------------------------------+-----
Stealth        | 2 3 4 5 6 7 9 10 11 12 13 14 15 | 15.1
Fighting       | 4 5 6 7 8 9 10 | 10.6
Invocations    | 1 3 4 5 6 7 8 9 |  9.4
Spellcasting   | 1 2 3 4 5 6 7 8 |  8.0
Shields        | 1 2 3 4 5 6 7 |  7.3
Evocations     | 2 3 4 5 6 7 8 |  8.4
Short Blades   | 1 3 4 |  4.4
Transmutations | 1 3 4 5 6 |  6.8
Fire Magic     | 1 3 4 5 6 |  6.8
Poison Magic   | 1 4 6 7 8 9 |  9.1
Staves         | 2 4 5 6 |  6.7
Axes           | |  1.0
Bows           | |  1.0
Throwing       | |  1.0
Armour         | |  2.4

Action                   |  1- 3 |  4- 6 |  7- 9 | 10-12 | 13-15 || total
-------------------------+-------+-------+-------+-------+-------++-------
Melee: Dagger            |    20 |    40 |   279 |   313 |       ||   652
       Mace              |       |       |   144 |       |       ||   144
       Staff             |       |       |       |   125 |   289 ||   414
       Constrict         |       |       |       |       |    55 ||    55
 Fire: Shortbow          |     8 |     9 |       |       |       ||    17
 Cast: Ignite Poison     |       |       |       |    89 |   101 ||   190
       Mephitic Cloud    |       |       |       |    15 |    16 ||    31
Invok: Channel Magic     |       |       |       |       |     1 ||     1
 Abil: Spit Poison       |    66 |    51 |    49 |    22 |     2 ||   190
Evoke: Wand              |       |       |     4 |    20 |    18 ||    42
       Staff of Olgreb   |       |       |       |    88 |    77 ||   165
       Condenser vane    |       |       |       |       |     2 ||     2
  Use: Scroll            |       |       |     4 |     5 |     3 ||    12
       Potion            |       |       |     1 |     1 |       ||     2
 Stab: Sleeping          |       |     2 |     5 |    12 |    15 ||    34
       Held in net/web   |       |       |     2 |       |       ||     2
       Paralysed         |       |       |       |       |     1 ||     1
Armor: Ring mail         |    15 |    13 |   199 |   102 |       ||   329
       Robe              |     8 |    10 |       |    90 |   119 ||   227
Dodge: Dodged            |    60 |    61 |   237 |   265 |    99 ||   722
Block: Buckler           |       |     1 |    72 |   111 |    16 ||   200
       Kite shield       |       |       |       |       |   162 ||   162
